 Dungeon Crawl Stone Soup version 0.23.2-1-ga50397a (webtiles) character file.

Game seed: 1928236154806607218

37 IBeShadow the Gusty (level 3, 0/20 HPs)
             Began as a Tengu Air Elementalist on May 16, 2019.
             Slain by a worm (8 damage)
             ... on level 2 of the Dungeon.
             The game lasted 00:02:26 (2185 turns).

IBeShadow the Gusty (Tengu Air Elementalist)        Turns: 2185, Time: 00:02:27

Health: 0/20       AC:  2    Str:  8    XL:     3   Next: 39%
Magic:  6/7        EV: 12    Int: 16    God:
Gold:   48         SH:  0    Dex: 14    Spells: 5/6 levels left

rFire    . . .     SeeInvis .   m - +0 mace (protect)
rCold    . . .     Gourm    .   (no shield)
rNeg     . . .     Faith    .   a - +0 robe
rPois    .         Spirit   .   (helmet restricted)
rElec    .         Reflect  .   (no cloak)
rCorr    .         Harm     .   (no gloves)
MR       .....                  (boots unavailable)
Stlth    ++........             (no amulet)
HPRegen  0.06/turn              (no ring)
MPRegen  0.10/turn              (no ring)

@: no status effects
A: beak, talons 3
a: no special abilities


You were on level 2 of the Dungeon.
You were not hungry.

You visited 1 branch of the dungeon, and saw 2 of its levels.

You collected 48 gold pieces.

Inventory:

Hand Weapons
 e - a +0 whip
 m - a +0 mace of protection (weapon)
Armour
 a - a +0 robe (worn)
Scrolls
 i - 5 scrolls of remove curse {unknown}
 j - a scroll of fear {unknown}
 l - 3 scrolls of identify {unknown}
Potions
 b - 2 potions of ambrosia {unknown}
 d - a potion of agility {unknown}
 f - a potion of cancellation {unknown}
 g - a potion of haste {unknown}
 k - a potion of berserk rage {unknown}
Comestibles
 c - 4 rations


   Skills:
 + Level 1.4 Fighting
 - Level 2.1 Dodging
 - Level 2.0 Stealth
 - Level 2.0 Spellcasting
 + Level 2.7 Conjurations
 + Level 4.7 Air Magic


You had 5 spell levels left.
You knew the following spells:

 Your Spells              Type           Power        Failure   Level  Hunger
a - Shock                 Conj/Air       ##..         4%          1    #......

Your spell library contained the following spells:

 Spells                   Type           Power        Failure   Level  Hunger
 Swiftness                Chrm/Air       #.......     12%         2    ###....
 Static Discharge         Conj/Air       ##......     14%         3    ###....
 Airstrike                Air            ###.......   30%         4    #####..
 Lightning Bolt           Conj/Air       ##........   77%         5    ######.


Dungeon Overview and Level Annotations

Branches:
Dungeon (2/15)

Altars:
Yredelemnul


Innate Abilities, Weirdness & Mutations

You have a beak for a mouth.
You have claws for feet.


Message History

You kill the bat!
Found a whip.
You see here a bat corpse.
You barely miss the worm. You hit the worm.
Your weapon exudes an aura of protection.
The worm is lightly wounded.
The worm bites you!
You are too injured to fight recklessly!
You are too injured to fight recklessly!
You are too injured to fight recklessly!
A giant cockroach comes into view.
Casting: Shock (safe; 4% risk of failure)
Confirm with . or Enter, or press ? or * to list all spells.
Aiming: Shock (safe; 4% risk of failure)
Press: ? - help, Shift-Dir - straight line The zap hits the worm.
The worm is moderately wounded.
The worm bites you!
You die...

##)##...# #.####
#.................
#..####.#####.##..
###..# #.# ...... ###
#....####.# ......
#.....#.......#
...##.#
#...#.###..######
#..##.. #. #..)##.#
#..#### [ #?.@.# #..#
# #.#_#w#...# ##
##..# #
..s#..#.......#.#..#
#
.##[..###.#####.##..#
# ###. .# #.##..# ##
.. ## #.....###. .##
########.###..... #
#........# #####.
#.######.# ####


You could see a worm.

Vanquished Creatures
  An ooze (D:2)
  A worm (D:2)
  A dart slug (D:1)
  2 giant cockroaches (D:1)
  2 goblins
  7 hobgoblins
  4 bats
  A frilled lizard (D:1)
  4 kobolds
  2 rats (D:1)
25 creatures vanquished.

Notes
Turn   | Place    | Note
-------+----------+-------------------------------------------
     0 | D:1      | IBeShadow the Tengu Air Elementalist began the quest for
                  | the Orb.
     0 | D:1      | Reached XP level 1. HP: 10/10 MP: 4/4
   662 | D:1      | Reached XP level 2. HP: 7/16 MP: 4/6
   964 | D:1      | Reached skill level 1 in Fighting
  1777 | D:2      | Reached XP level 3. HP: 15/20 MP: 3/7
  2177 | D:2      | Found a basalt altar of Yredelemnul.
  2185 | D:2      | Slain by a worm

Skill      XL: |  1  2 |
---------------+-------+-----
Conjurations   | 2 |  2.7
Fighting       | 1 |  1.4
Dodging        | |  2.1
Stealth        | |  2.0
Spellcasting   | |  2.0
Air Magic      | |  4.7

Action                   || total
-------------------------++-------
Melee: Unarmed           ||    18
       Whip              ||    46
       Kick              ||    10
       Peck              ||     5
       Mace              ||    15
 Cast: Shock             ||    24
 Stab: Sleeping          ||     3
  Eat: Chunk             ||     4
Armor: Robe              ||    22
Dodge: Dodged            ||    63
